 Dungeon Crawl Stone Soup version 0.21.1-1-g345015f (webtiles) character file.

3203 kae the Cleaver (level 9, -1/121 HPs)
             Began as a Hill Orc Fighter on June 1, 2018.
             Was a Follower of Makhleb.
             Killed by divine providence
             ... invoked by an orc priest
              (11 damage)
             ... on level 7 of the Dungeon.
             The game lasted 00:06:47 (6445 turns).

kae the Cleaver (Hill Orc Fighter)                  Turns: 6445, Time: 00:06:48

Health: -1/121     AC: 24    Str: 22    XL:     9   Next: 96%
Magic:  11/11      EV:  2    Int:  8    God:    Makhleb [*.....]
Gold:   279        SH: 10    Dex: 10    Spells: 8/8 levels left

rFire    . . .     SeeInvis .   a - +1 war axe
rCold    . . .     Gourm    .   c - +1 shield
rNeg     + + +     Faith    .   (armour currently unavailable)
rPois    +         Spirit   .   (helmet currently unavailable)
rElec    .         Reflect  .   (cloak currently unavailable)
rCorr    .         Harm     .   (gloves currently unavailable)
MR       .....     NoTele   +   (boots currently unavailable)
Stlth    +.........             (no amulet)
HPRegen  0.30/turn              (no ring)
MPRegen  0.12/turn              v - +3 ring of evasion

@: tree-form
A: no striking features
a: Renounce Religion, Convert to Beogh


You were on level 7 of the Dungeon.
You worshipped Makhleb.
Makhleb was aware of your devotion.
You were not hungry.
You were a tree.
You visited 2 branches of the dungeon, and saw 8 of its levels.

You collected 306 gold pieces.
You spent 27 gold pieces at shops.

Inventory:

Hand Weapons
 a - a +1 war axe (weapon)
Armour
 c - a +1 shield (worn)
 t - the +0 pair of boots "Qonn" (melded) {*Drain rF+ rN+}
   (You found it on level 4 of the Dungeon)

   It protects you from fire.
   It protects you from negative energy.
   It causes draining when unequipped.
 C - the +6 scale mail "Bechiy" (melded) {rF+++ rC- SInv}
   (You found it on level 6 of the Dungeon)

   It renders you almost immune to fire.
   It makes you vulnerable to cold.
   It lets you see invisible.
Jewellery
 h - an uncursed ring of ice
 v - a +3 ring of evasion (right branch)
Scrolls
 d - 2 scrolls of identify
 j - a scroll of teleportation
 o - a scroll of blinking
 q - 2 scrolls of fear
 r - 3 scrolls of magic mapping
 s - a scroll of remove curse
 u - a scroll of enchant weapon
 x - a scroll of fog
Potions
 e - 2 potions of flight
 g - a potion of curing
 i - a potion of magic
 m - a potion of mutation
 n - 3 potions of invisibility
 p - 2 potions of agility
 A - 2 potions of ambrosia
Books
 k - the Almanac of Flight
   (You found it on level 6 of the Dungeon)

   Spells                             Type                      Level
   a - Poisonous Vapours              Poison/Air                   2
   b - Mephitic Cloud                 Conjuration/Poison/Air       3
   c - Summon Lightning Spire         Summoning/Air                4
   d - Silence                        Hexes/Air                    5
   e - Conjure Ball Lightning         Conjuration/Air              6
Comestibles
 f - 10 rations
 l - 5 chunks of flesh


   Skills:
 + Level 8.0 Fighting
 * Level 11.1 Axes
 + Level 7.2 Armour
 + Level 4.7 Dodging
 - Level 3.2 Shields
 + Level 3.9 Invocations


You had 8 spell levels left.
You didn't know any spells.

Dungeon Overview and Level Annotations

Branches:
Dungeon (7/15)             Temple (1/1) D:5

Altars:
Ashenzari
Cheibriados
Dithmenos
Elyvilon
Fedhas
Gozag
Hepliaklqana
Kikubaaqudgha
Makhleb
Okawaru
Ru
Trog
Uskayaw
Vehumet
Wu Jian
Xom
Yredelemnul
Zin
The Shining One

Shops:
D:6 **


Message History

The orc priest barely misses you.
You closely miss the orc priest.
The orc priest is severely wounded.
The orc priest hits you but does no damage.
You hit the orc priest.
The orc priest is almost dead.
The orc priest invokes the aid of Beogh against you.
Beogh smites you!
* * * LOW HITPOINT WARNING * * *
You slash the orc priest!
You kill the orc priest!
Makhleb accepts your kill.
You can now gain health from killing.
You slash the orc!
You kill the orc!
Makhleb accepts your kill.
The orc priest shouts, "Beogh is our master!
Accept the truth or die!"
You closely miss the orc priest.
The orc priest mumbles some strange prayers to Beogh against you.
Beogh smites you!
You die...

#.####..................
######..#
#######.###........
........## #.# #.#......
.######..## #.#
#.#######
######..####### #..
............... ...
#######.####### ..
#..#######....
##.(♣o......#
#####.)..#... .........
..###.##.. .#. ... .
..#. ### ## #. ..


You could see an orc priest.

Vanquished Creatures
  A hornet (D:7)
  2 hippogriffs (D:7)
  Eustachio (D:5)
  An orc warrior (D:7)
  A sky beast (D:6)
  4 ogres
  3 phantoms
  4 bullfrogs
  A scorpion (D:7)
  A howler monkey (D:5)
  2 bullfrog zombies
  4 crimson imps
  2 hounds
  5 orc priests
  An orc wizard (D:7)
  4 gnoll shamans (D:5)
  5 iguanas
  6 worker ants
  27 gnolls (D:5)
  7 adders
  2 shadow imps (D:5)
  2 oozes
  5 worms
  2 dart slugs (D:1)
  5 leopard geckos
  28 orcs
  6 giant cockroaches
  13 goblins
  11 hobgoblins
  24 jackals
  9 kobolds
  2 quokkas
  2 ball pythons
  10 bats
  6 frilled lizards
  2 quokka skeletons
  4 rats
215 creatures vanquished.

Notes
Turn   | Place    | Note
-------+----------+-------------------------------------------
     0 | D:1      | kae the Hill Orc Fighter began the quest for the Orb.
     0 | D:1      | Reached XP level 1. HP: 19/19 MP: 1/1
    34 | D:1      | Reached skill level 3 in Axes
    43 | D:1      | Reached XP level 2. HP: 24/27 MP: 2/2
   228 | D:1      | Reached XP level 3. HP: 33/33 MP: 3/3
   565 | D:2      | Reached skill level 1 in Dodging
   623 | D:2      | Reached skill level 4 in Axes
   625 | D:2      | Reached XP level 4. HP: 33/40 MP: 4/4
   785 | D:2      | Found a blossoming altar of Fedhas.
  1248 | D:3      | Reached XP level 5. HP: 42/47 MP: 5/5
  1623 | D:3      | Reached skill level 5 in Axes
  1796 | D:4      | Noticed an ogre
  1801 | D:4      | Killed an ogre
  1801 | D:4      | Reached XP level 6. HP: 54/55 MP: 6/6
  1836 | D:4      | Found a glowing golden altar of the Shining One.
  1839 | D:4      | Found a shimmering altar of Xom.
  1886 | D:4      | Found an ancient bone altar of Kikubaaqudgha.
  1942 | D:4      | Reached skill level 5 in Fighting
  1993 | D:4      | Reached skill level 6 in Axes
  2226 | D:4      | Found a bloodstained altar of Trog.
  2228 | D:4      | Found a shadowy altar of Dithmenos.
  2229 | D:4      | Found a hazy altar of Hepliaklqana.
  2292 | D:4      | Noticed a phantom
  2370 | D:4      | Killed a phantom
  2370 | D:4      | Reached XP level 7. HP: 56/61 MP: 7/7
  2501 | D:4      | Found a snail-covered altar of Cheibriados.
  2895 | D:4      | Got a pair of crude boots
  2901 | D:4      | Identified the +0 pair of boots "Qonn" {*Drain rF+ rN+} (You found it on level 4 of the Dungeon)
  2919 | D:5      | Entered Level 5 of the Dungeon
  2929 | D:5      | Noticed Eustachio
  2944 | D:4      | Reached skill level 5 in Armour
  3087 | D:5      | Killed Eustachio
  3087 | D:5      | Reached skill level 7 in Axes
  3293 | D:5      | Reached XP level 8. HP: 52/70 MP: 8/8
  3518 | D:5      | Reached skill level 8 in Axes
  4064 | D:5      | Reached skill level 9 in Axes
  4348 | D:5      | Reached XP level 9. HP: 79/79 MP: 9/9
  4449 | D:5      | Found a staircase to the Ecumenical Temple.
  4491 | D:5      | Found an opulent altar of Gozag.
  4557 | Temple   | Entered the Ecumenical Temple
  4676 | Temple   | Became a worshipper of Makhleb the Destroyer
  5152 | D:6      | Reached skill level 1 in Invocations
  5160 | D:6      | Got a smoking scale mail
  5171 | D:6      | Identified the +6 scale mail "Bechiy" {rF+++ rC- SInv} (You found it on level 6 of the Dungeon)
  5241 | D:6      | Found Iloiroe Puupt's Assorted Antiques.
  5248 | D:6      | Bought a sapphire potion for 27 gold pieces
  5350 | D:6      | Reached skill level 10 in Axes
  5417 | D:6      | Found Zin's Purification Station.
  5422 | D:6      | Found a glowing silver altar of Zin.
  5444 | D:6      | Identified the Almanac of Flight
  6221 | D:7      | Noticed a hornet
  6240 | D:7      | Killed a hornet
  6250 | D:7      | Reached skill level 11 in Axes
  6443 | D:7      | Reached * piety under Makhleb
  6445 | D:7      | Killed from afar by an orc priest

Skill      XL: |  1  2  3  4  5  6  7  8  9 |
---------------+----------------------------+-----
Axes           | 3 4 5 6 7 9 11 | 11.1
Fighting       | 4 5 7 8 |  8.0
Dodging        | 1 2 3 4 |  4.7
Armour         | 4 5 6 7 |  7.2
Invocations    | 3 |  3.9
Shields        | |  3.2

Action                   |  1- 3 |  4- 6 |  7- 9 || total
-------------------------+-------+-------+-------++-------
Melee: War axe           |    98 |   195 |   450 ||   743
  Use: Scroll            |       |     8 |    13 ||    21
       Potion            |       |     1 |     3 ||     4
  Eat: Chunk             |       |     5 |    14 ||    19
Armor: Scale mail        |    45 |    74 |   120 ||   239
       Skin              |       |       |     4 ||     4
Dodge: Dodged            |    35 |    45 |   199 ||   279
Block: Shield            |    59 |    89 |   227 ||   375
